 Dungeon Crawl Stone Soup version 0.18.1-50-g88ac8fd (webtiles) character file.

3287 grisgris the Covert (level 9, -5/63 HPs)
             Began as a Vampire Enchanter on Oct 21, 2016.
             Was a Priest of Sif Muna.
             Slain by a five-headed hydra (14 damage)
             ... on level 1 of the Lair of Beasts.
             The game lasted 00:25:41 (7246 turns).

grisgris the Covert (Vampire Enchanter)             Turns: 7246, Time: 00:25:42

Health: -5/63      AC:  4    Str:  7    XL:     9   Next: 69%
Magic:  16/19      EV: 15    Int: 20    God:    Sif Muna [***...]
Gold:   450        SH:  0    Dex: 17    Spells: 6 memorised, 4 levels left

rFire  . . .     SeeInvis +     d - +4 dagger (venom)
rCold  + . .     Gourm    .     b - +2 robe
rNeg   + + .     Faith    .     (no shield)
rPois  +         Spirit   .     (no helmet)
rElec  .         Dismiss  .     (no cloak)
rCorr  .         Reflect  .     (no gloves)
SustAt .         Harm     .     (no boots)
MR     .....                    h - amulet of magic regeneration
Stlth  +++++.....               f - ring of wizardry
                                q - +2 ring of dexterity

@: regenerating slowly, not resistant to hostile enchantments, quite stealthy
A: fangs 3, see invisible, unbreathing
a: Bat Form, Channel Energy, Renounce Religion


You were on level 1 of the Lair of Beasts.
You worshipped Sif Muna.
Sif Muna was most pleased with you.
You were thirsty.

You visited 3 branches of the dungeon, and saw 13 of its levels.

You collected 450 gold pieces.

Inventory:

Hand Weapons
 a - a +1 dagger
 d - a +4 dagger of venom (weapon)
Armour
 b - a +2 robe (worn)
Jewellery
 f - a ring of wizardry (right hand)
 h - an amulet of magic regeneration (around neck)
 m - an uncursed ring of sustain attributes
 q - a +2 ring of dexterity (left hand)
 u - an uncursed amulet of dismissal
 v - an uncursed amulet of regeneration
Wands
 j - a wand of paralysis (5/24)
 x - a wand of slowing (48/48)
 A - a wand of random effects (22/48)
 B - a wand of lightning (6/15)
 D - a wand of lightning (8/15)
Scrolls
 e - 2 scrolls of enchant armour
 g - 3 scrolls of identify
 i - 4 scrolls of remove curse
 l - a scroll of enchant weapon
 n - a scroll of fear {unknown}
 s - 3 scrolls of magic mapping
 C - a scroll of acquirement {unknown}
 E - a scroll of teleportation {unknown}
 G - a scroll of amnesia
Potions
 o - 4 potions of haste
 p - a potion of cancellation
 r - a potion of flight
 w - a potion of heal wounds
 z - a potion of agility
 F - a potion of might {unknown}
 H - a potion of berserk rage
Books
 c - a book of Maledictions

   Spells                             Type                      Level
   a - Corona                         Hexes                        1
   b - Ensorcelled Hibernation        Hexes/Ice                    2
   c - Confuse                        Hexes                        3
   d - Tukima's Dance                 Hexes                        3
   e - Dazzling Spray                 Conjuration/Hexes            3
 k - a book of Debilitation

   Spells                             Type                      Level
   a - Corona                         Hexes                        1
   b - Slow                           Hexes                        2
   c - Gell's Gravitas                Hexes/Translocation          3
   d - Inner Flame                    Hexes/Fire                   3
   e - Cause Fear                     Hexes                        4
   f - Leda's Liquefaction            Hexes/Earth                  4
 t - a book of Envenomations

   Spells                             Type                      Level
   a - Spider Form                    Transmutation/Poison         3
   b - Olgreb's Toxic Radiance        Poison                       4
   c - Alistair's Intoxication        Transmutation/Poison         5
   d - Poisonous Cloud                Conjuration/Poison/Air       6
 y - a book of Callings

   Spells                             Type                      Level
   a - Summon Small Mammal            Summoning                    1
   b - Call Imp                       Summoning                    2
   c - Call Canine Familiar           Summoning                    3
   d - Summon Guardian Golem          Hexes/Summoning              3
   e - Summon Lightning Spire         Summoning/Air                4
   f - Summon Ice Beast               Ice/Summoning                4


   Skills:
 + Level 3.1 Fighting
 + Level 4.1 Short Blades
 + Level 5.4 Dodging
 + Level 8.5 Stealth
 * Level 7.0 Spellcasting
 + Level 8.2 Hexes
 + Level 3.3 Translocations
 + Level 4.4 Ice Magic


You had 4 spell levels left.
You knew the following spells:

 Your Spells              Type           Power        Failure   Level  Hunger
a - Ensorcelled Hibernat  Hex/Ice        ####..       1%          2    None
b - Confuse               Hex            #####...     1%          3    #......
c - Tukima's Dance        Hex            #####...     1%          3    #......
d - Gell's Gravitas       Hex/Tloc       ####......   1%          3    #......
e - Summon Guardian Gole  Hex/Summ       ###.....     3%          3    #......
f - Summon Ice Beast      Ice/Summ       ###.....     21%         4    ###....


Dungeon Overview and Level Annotations

Branches:
Dungeon (11/15)            Temple (1/1) D:5            Lair (1/8) D:10
    Orc: D:9-12

Altars:
Ashenzari
Cheibriados
Elyvilon
Kikubaaqudgha
Makhleb
Pakellas
Ru
Sif Muna
Trog
Vehumet
Xom
Yredelemnul
The Shining One


Innate Abilities, Weirdness & Mutations

You heal slowly.
You have razor-sharp teeth.
You have supernaturally acute eyesight.
You can survive without breathing.


Message History

You enter a teleport trap!
The teleport trap disappears.
Your surroundings suddenly seem different.
A komodo dragon and a hydra come into view.
Found a bread ration.
The komodo dragon hisses angrily.
The helpless five-headed hydra fails to defend itself.
You bite the five-headed hydra, and draw its blood!
You feel better.
You feel slightly less thirsty.
You perforate the five-headed hydra like a sieve!!!
The five-headed hydra is severely wounded.
The five-headed hydra bites you! x2; The five-headed hydra bites you.
The five-headed hydra bites you! x2
* * * LOW HITPOINT WARNING * * *
Casting: Confuse
Confirm with . or Enter, or press ? or * to list all spells.
Aiming: Confuse
Press: ? - help, Shift-Dir - straight line, f - five-headed hydra
Aim: a five-headed hydra (severely wounded, chance to defeat MR: 32%)
The five-headed hydra easily resists.
The five-headed hydra bites you!
You die...

### .. .. P.###.
P
......#######P.
.......P#P#.....
......D.........
.......@#.###P..
..........l.....
........%.......
................
................
#..............#
.#....###.....##
#.#### #..### ##
###


You could see a five-headed hydra and a komodo dragon.

Vanquished Creatures
  The ghost of kolakolka the Magician, a novice DsFE (D:7)
  A komodo dragon (D:10)
  2 hippogriffs (D:7)
  Edmund (D:5)
  An orc warrior (D:6)
  A black bear (D:7)
  2 sky beasts
  5 ogres
  A centaur (D:7)
  3 giant frogs
  3 scorpions
  A killer bee (D:7)
  7 wights (D:7)
  A howler monkey (D:7)
  A crimson imp (D:5)
  6 hounds
  A jelly (D:5)
  A centaur skeleton (D:4)
  3 orc priests
  2 giant frog skeletons
  3 worker ants
  An orc wizard (D:4)
  A worker ant zombie (D:6)
  11 adders
  3 oozes
  2 adder skeletons
  2 worms
  5 dart slugs
  3 giant geckos
  19 orcs
  4 giant cockroaches
  8 goblins
  7 hobgoblins
  A quokka (D:4)
  4 ball pythons
  6 bats
  2 giant gecko skeletons
  8 giant newts
  A jackal skeleton (D:5)
  3 kobolds
  10 rats
148 creatures vanquished.

Vanquished Creatures (others)
  A plant (D:10)
1 creature vanquished.

Grand Total: 149 creatures vanquished

Notes
Turn   | Place    | Note
--------------------------------------------------------------
     0 | D:1      | grisgris the Vampire Enchanter began the quest for the Orb.
     0 | D:1      | Reached XP level 1. HP: 13/13 MP: 3/3
   261 | D:1      | Reached XP level 2. HP: 12/20 MP: 3/5
   265 | D:1      | Learned a level 2 spell: Ensorcelled Hibernation
   748 | D:2      | Reached XP level 3. HP: 20/25 MP: 1/7
   801 | D:2      | Learned a level 3 spell: Confuse
   885 | D:2      | Reached skill level 1 in Fighting
   920 | D:2      | Found a basalt altar of Yredelemnul.
   976 | D:2      | Found a white marble altar of Elyvilon.
  1233 | D:2      | Reached XP level 4. HP: 32/32 MP: 8/8
  1647 | D:3      | Reached skill level 5 in Stealth
  1767 | D:3      | Reached skill level 1 in Ice Magic
  1767 | D:3      | Reached XP level 5. HP: 37/37 MP: 4/10
  2469 | D:3      | Reached skill level 5 in Hexes
  2746 | D:4      | Learned a level 3 spell: Tukima's Dance
  2841 | D:4      | Reached XP level 6. HP: 35/44 MP: 5/11
  3324 | D:5      | Entered Level 5 of the Dungeon
  3377 | D:5      | Learned a level 3 spell: Gell's Gravitas
  3428 | D:5      | Found a staircase to the Ecumenical Temple.
  3435 | Temple   | Entered the Ecumenical Temple
  3494 | Temple   | Became a worshipper of Sif Muna the Loreminder
  3511 | D:5      | Noticed Edmund
  3528 | D:5      | Killed Edmund
  3673 | D:5      | Reached XP level 7. HP: 44/49 MP: 10/13
  3686 | D:5      | Reached skill level 1 in Translocations
  4155 | D:5      | Reached * piety under Sif Muna
  4416 | D:4      | Reached skill level 5 in Spellcasting
  4488 | D:4      | Reached XP level 8. HP: 56/56 MP: 10/15
  4710 | D:4      | Found a snail-covered altar of Cheibriados.
  5095 | D:6      | Reached ** piety under Sif Muna
  5241 | D:6      | Found an oddly glowing altar of Pakellas.
  5370 | D:6      | Learned a level 3 spell: Summon Guardian Golem
  5375 | D:6      | Learned a level 4 spell: Summon Ice Beast
  5598 | D:7      | Noticed kolakolka's ghost (novice DsFE)
  5925 | D:7      | Reached XP level 9. HP: 26/61 MP: 9/18
  6413 | D:7      | Reached skill level 5 in Dodging
  6521 | D:7      | Found a shattered altar of Ashenzari.
  6630 | D:7      | Killed kolakolka's ghost
  6630 | D:7      | Reached *** piety under Sif Muna
  6764 | D:8      | You fall through a shaft for 2 floors!
  6764 | D:10     | Entered Level 10 of the Dungeon
  6895 | D:8      | You fall through a shaft for 3 floors!
  6999 | D:10     | Found a staircase to the Lair.
  7000 | D:10     | Noticed a komodo dragon
  7018 | D:10     | HP: 2/62 [komodo dragon (29)]
  7026 | D:10     | Killed a komodo dragon
  7240 | Lair:1   | Entered Level 1 of the Lair of Beasts
  7241 | Lair:1   | Noticed a five-headed hydra
  7241 | Lair:1   | Noticed a komodo dragon
  7246 | Lair:1   | Slain by a five-headed hydra

Skill      XL: |  1  2  3  4  5  6  7  8  9 |
---------------+----------------------------+-----
Fighting       | 1 2 3 |  3.1
Spellcasting   | 3 4 5 6 7 |  7.0
Short Blades   | 2 3 4 |  4.1
Stealth        | 5 6 7 8 |  8.5
Ice Magic      | 1 2 3 4 |  4.4
Hexes          | 5 6 7 8 |  8.2
Dodging        | 3 4 5 |  5.4
Translocations | 1 2 3 |  3.3

Action                   |  1- 3 |  4- 6 |  7- 9 || total
-------------------------+-------+-------+-------++-------
Melee: Dagger            |    79 |    78 |   149 ||   306
       Bite              |     2 |     4 |    15 ||    21
 Cast: Corona            |    10 |     1 |       ||    11
       Ensorcelled Hiber |    15 |    39 |    47 ||   101
       Confuse           |       |     5 |    27 ||    32
 Abil: End Transformatio |       |     1 |       ||     1
       Bat Form          |       |     1 |       ||     1
  Use: Scroll            |     3 |     4 |    14 ||    21
       Potion            |     1 |     5 |     2 ||     8
 Stab: Sleeping          |    30 |    34 |    47 ||   111
       Confused          |       |     5 |    12 ||    17
  Eat: Corpse            |       |       |     1 ||     1
Armor: Robe              |    10 |    11 |    13 ||    34
Dodge: Dodged            |    29 |    54 |    55 ||   138
